 Dungeon Crawl Stone Soup version 0.21-a0-426-g98080a9 (webtiles) character file.

12144 Laiders the Basher (level 11, -18/97 HPs)
             Began as a Deep Dwarf Fighter on Nov 8, 2017.
             Was a Priest of Makhleb.
             Killed from afar by Harold (21 damage)
             ... with a bolt of fire
             ... on level 11 of the Dungeon.
             The game lasted 00:31:26 (9196 turns).

Laiders the Basher (Deep Dwarf Fighter)             Turns: 9196, Time: 00:31:26

Health: -18/97     AC: 16    Str: 22    XL:     11   Next: 58%
Magic:  0/0        EV:  6    Int: 10    God:    Makhleb [***...]
Gold:   706        SH: 11    Dex: 12    Spells: 10/10 levels left

rFire    . . .     SeeInvis +   u - +3 whip
rCold    . . .     Gourm    .   c - +0 shield
rNeg     + . .     Faith    .   t - +0 chain mail
rPois    +         Spirit   .   w - +1 helmet {SInv}
rElec    .         Reflect  .   L - +2 cloak {rPois}
rCorr    .         Harm     .   (no gloves)
MR       ++...                  (no boots)
Stlth    ..........             (no amulet)
HPRegen  0.00/turn              m - ring of protection from magic
MPRegen  0.07/turn              M - ring of positive energy

@: lethally poisoned (-18 -> -18), non-regenerating
A: damage resistance, heal wounds, sense surroundings 2, no regeneration
a: Heal Wounds, Minor Destruction, Lesser Servant of Makhleb, Renounce Religion


You were on level 11 of the Dungeon.
You worshipped Makhleb.
Makhleb was most pleased with you.
You were hungry.

You visited 1 branch of the dungeon, and saw 11 of its levels.

You collected 706 gold pieces.

Inventory:

Hand Weapons
 u - a +3 whip (weapon)
 I - a +0 morningstar
Armour
 c - a +0 shield (worn)
 t - a +0 chain mail (worn)
 w - a +1 helmet of see invisible (worn)
 L - a +2 cloak of poison resistance (worn)
Jewellery
 m - a ring of protection from magic (left hand)
 M - a ring of positive energy (right hand)
Wands
 a - a wand of flame (27/48)
 b - a wand of iceblast (11/15)
 k - a wand of random effects (19/48)
 r - a wand of disintegration (4/24)
 B - a wand of paralysis (19/24)
 F - a wand of confusion (16/48)
Scrolls
 d - a scroll of random uselessness {unknown}
 h - a scroll of noise {unknown}
 j - a scroll of holy word {unknown}
 o - 3 scrolls of blinking
 p - 9 scrolls of teleportation
 q - 2 scrolls of fear
 s - 6 scrolls of remove curse
 x - 2 scrolls of recharging
 y - a scroll of amnesia {unknown}
 z - a scroll of fog
 C - a scroll of enchant weapon {unknown}
 E - a scroll of enchant armour
 H - 2 scrolls of identify
Potions
 e - 2 potions of flight
 v - 3 potions of curing
 A - 3 potions of brilliance
 D - a potion of haste {unknown}
 G - a potion of ambrosia {unknown}
Comestibles
 f - 11 bread rations
 g - 11 fruits
 l - 8 meat rations
 n - 6 royal jellies


   Skills:
 + Level 6.0 Fighting
 - Level 14.0 Maces & Flails
 + Level 7.3 Armour
 + Level 7.3 Shields
 + Level 7.5 Invocations


You had 10 spell levels left.
You didn't know any spells.

Dungeon Overview and Level Annotations

Branches:
Dungeon (11/15)            Temple (0/1) D:6            Lair (0/6) D:10
    Orc (0/2) D:11

Altars:
Ashenzari
Cheibriados
Dithmenos
Kikubaaqudgha
Makhleb
Nemelex Xobeh
Sif Muna
Uskayaw
Xom
The Shining One

Annotations:
D:11 Harold


Innate Abilities, Weirdness & Mutations

You are resistant to damage.
You can heal yourself by infusing magical energy.
You passively map the area around you.
You do not regenerate.


Message History

Harold is severely wounded.
Harold closely misses you.
You hit Harold but do no damage.
Harold is severely wounded.
You completely miss Harold.
Harold is severely wounded.
Harold hits you but does no damage.
You are poisoned.
You whack Harold!
Harold is almost dead.
You hit Harold but do no damage.
Harold is almost dead.
You block Harold's attack.
You barely miss Harold.
Harold is almost dead.
You hit Harold but do no damage.
Harold is almost dead.
Harold casts a spell at you. The bolt of fire hits you!
You die...

######### ........#
........# ........#
........#
....<##########
>.............#
......#######.#####
......#####...S@@.#
##.........(#.###.#
##..........#.# .#
##..........#.# .#
#...........#.# .#
* ............#.#
.#< ,
#...#.......#.# .#
#...#.#######.# .#
, * ......# *, * ,
, ,


You could see Harold and an adder.

Vanquished Creatures
  Snorg (D:10)
  The ghost of geomchi the Tainter, a journeyman NaVM of Vehumet (D:10)
  2 two-headed ogres
  The ghost of jhonbiscuit the Basher, a novice MiBe of Trog (D:8)
  An unseen horror (D:10)
  The ghost of varam the Destroyer, a novice GrFE of Vehumet (D:6)
  3 trolls
  Sigmund (D:3)
  A water elemental (D:11)
  A human (D:11)
  5 yaks
  2 hogs (D:11)
  Menkaure (D:5)
  2 wargs (D:9)
  5 ice beasts
  4 orc warriors
  3 sky beasts
  7 ogres
  6 phantoms
  3 centaurs
  7 bullfrogs
  4 scorpions
  9 killer bees (D:10)
  3 wights (D:8)
  8 howler monkeys
  2 crimson imps (D:6)
  2 electric eels (D:11)
  A bullfrog zombie (D:5)
  6 hounds
  4 orc priests
  8 jellies
  2 bullfrog skeletons
  10 orc wizards
  2 iguanas
  Ijyb (D:3)
  7 worker ants
  A killer bee zombie (D:5)
  2 hound zombies
  A hound skeleton (D:6)
  A worker ant zombie (D:6)
  12 adders
  10 gnolls
  A howler monkey skeleton (D:6)
  3 shadow imps
  3 adder skeletons
  2 worms
  A dart slug (D:1)
  7 leopard geckos
  43 orcs
  4 ball pythons
  6 giant cockroaches
  7 hobgoblins
  15 jackals
  3 quokkas
  10 bats
  6 frilled lizards
  7 goblins
  A jackal zombie (D:7)
  10 kobolds
  A leopard gecko skeleton (D:6)
  A quokka skeleton (D:4)
  3 rats
288 creatures vanquished.

Notes
Turn   | Place    | Note
-------+----------+-------------------------------------------
     0 | D:1      | Laiders the Deep Dwarf Fighter began the quest for the Orb.
     0 | D:1      | Reached XP level 1. HP: 20/20 MP: 1/1
    63 | D:1      | Reached XP level 2. HP: 20/27 MP: 2/2
   195 | D:1      | Reached skill level 3 in Maces & Flails
   400 | D:2      | Reached XP level 3. HP: 33/33 MP: 3/3
   431 | D:2      | Reached skill level 4 in Maces & Flails
   549 | D:2      | Found a sparkling altar of Nemelex Xobeh.
   768 | D:2      | Reached XP level 4. HP: 19/40 MP: 4/4
  1270 | D:3      | Reached skill level 5 in Maces & Flails
  1359 | D:3      | Found a faded altar of an unknown god.
  1576 | D:3      | Reached XP level 5. HP: 43/46 MP: 5/5
  1689 | D:3      | Noticed Sigmund
  1716 | D:3      | Killed Sigmund
  1716 | D:3      | Reached skill level 6 in Maces & Flails
  1716 | D:3      | Reached XP level 6. HP: 25/55 MP: 6/6
  1798 | D:3      | Noticed Ijyb
  1809 | D:3      | Killed Ijyb
  1972 | D:3      | Reached skill level 7 in Maces & Flails
  2367 | D:4      | Found a shattered altar of Ashenzari.
  2457 | D:4      | Reached XP level 7. HP: 26/61 MP: 6/6
  2519 | D:4      | Reached skill level 8 in Maces & Flails
  2789 | D:4      | Found an ancient bone altar of Kikubaaqudgha.
  2857 | D:5      | Entered Level 5 of the Dungeon
  3060 | D:5      | Noticed Menkaure
  3068 | D:5      | Killed Menkaure
  3068 | D:5      | Reached skill level 9 in Maces & Flails
  3188 | D:5      | Found a burning altar of Makhleb.
  3191 | D:5      | Became a worshipper of Makhleb the Destroyer
  3251 | D:5      | Reached XP level 8. HP: 62/68 MP: 4/4
  3425 | D:5      | Found a snail-covered altar of Cheibriados.
  3764 | D:6      | Reached skill level 10 in Maces & Flails
  3780 | D:6      | Found a staircase to the Ecumenical Temple.
  3869 | D:6      | Noticed varam's ghost (novice GrFE)
  3895 | D:6      | Killed varam's ghost
  3895 | D:6      | Reached skill level 11 in Maces & Flails
  4093 | D:6      | Gained mutation: You passively map the area around you. [Deep Dwarf growth]
  4093 | D:6      | Reached XP level 9. HP: 38/74 MP: 4/4
  4224 | D:6      | Reached skill level 12 in Maces & Flails
  4487 | D:6      | Reached * piety under Makhleb
  5175 | D:7      | Reached skill level 13 in Maces & Flails
  5273 | D:7      | Noticed a hand axe
  5275 | D:7      | Noticed a hand axe
  5275 | D:7      | Found a hide-covered altar of Uskayaw.
  5729 | D:7      | Found a deep blue altar of Sif Muna.
  5870 | D:8      | Noticed jhonbiscuit's ghost (novice MiBe)
  5892 | D:8      | Killed jhonbiscuit's ghost
  5892 | D:8      | Reached skill level 14 in Maces & Flails
  5892 | D:8      | Reached XP level 10. HP: 55/81 MP: 3/3
  5971 | D:8      | Reached ** piety under Makhleb
  5971 | D:8      | Reached skill level 1 in Invocations
  6386 | D:8      | Found a shimmering altar of Xom.
  6512 | D:8      | Found a shadowy altar of Dithmenos.
  7075 | D:9      | Noticed a two-headed ogre
  7104 | D:9      | Killed a two-headed ogre
  7104 | D:9      | Reached skill level 5 in Armour
  7104 | D:9      | Reached skill level 5 in Shields
  7178 | D:9      | Found a glowing golden altar of the Shining One.
  7590 | D:10     | Entered Level 10 of the Dungeon
  7663 | D:9      | Reached skill level 5 in Invocations
  7772 | D:10     | Noticed geomchi's ghost (journeyman NaVM)
  7871 | D:10     | Killed geomchi's ghost
  7871 | D:10     | Reached XP level 11. HP: 58/93 MP: 4/6
  7902 | D:10     | Found a staircase to the Lair.
  7917 | D:10     | Found a sparkling altar of Nemelex Xobeh.
  8051 | D:10     | Reached *** piety under Makhleb
  8102 | D:10     | Reached skill level 5 in Fighting
  8118 | D:10     | Noticed a two-headed ogre
  8138 | D:10     | Killed a two-headed ogre
  8228 | D:10     | Noticed an unseen horror
  8291 | D:10     | Killed an unseen horror
  8354 | D:10     | Noticed Snorg
  8428 | D:10     | Killed Snorg
  8730 | D:11     | Found a staircase to the Orcish Mines.
  9149 | D:11     | Noticed Harold
  9189 | D:11     | HP: 3/97 [Harold/bolt of fire (34)]
  9196 | D:11     | Killed from afar by Harold

Vault maps used:
D:1:      ncdulo_wetmaze
D:2:      nemelex_xobeh_ov_fountains_minmay, first_bread
D:3:      chequers_ecumenical_altar_twisty, uniq_sigmund, uniq_ijyb
D:4:      kennysheep_mini_moat, evilmike_ruin_ashenzari
D:5:      lemuel_doored_altar, overflow_temple_1_default, uniq_menkaure
D:6:      temple_hall, nzn_random_ring
D:7:      dancing_weapons_uskayaw, led_sif_book
D:8:      xom_teletrap_fun, basic_altar
D:9:      old_standard_altar
D:10:     erik_lair_orcish_takeover, basic_altar, kennysheep_decorative_pillar,
          uniq_snorg
D:11:     orc_0_dummy, serial_shops, nicolae_shop_crystal, grunt_livestock,
          uniq_harold

Skill      XL: |  1  2  3  4  5  6  7  8  9 10 11 |
---------------+----------------------------------+-----
Maces & Flails | 3 4 5 6 7 9 11 14 | 14.0
Invocations    | 5 7 |  7.5
Fighting       | 4 6 |  6.0
Armour         | 5 7 |  7.3
Shields        | 5 7 |  7.3

Action                   |  1- 3 |  4- 6 |  7- 9 | 10-12 || total
-------------------------+-------+-------+-------+-------++-------
Melee: Flail             |   133 |   224 |       |       ||   357
       Whip              |       |   105 |   714 |   990 ||  1809
Invok: Lesser Servant of |       |       |       |     1 ||     1
 Abil: Heal Wounds       |     1 |     6 |    22 |    41 ||    70
  Use: Scroll            |       |     2 |     8 |     4 ||    14
       Potion            |       |       |     2 |     4 ||     6
  Eat: Chunk             |       |     6 |    10 |     9 ||    25
       Royal jelly       |       |       |     1 |       ||     1
       Fruit             |       |       |       |     2 ||     2
Armor: Scale mail        |    89 |    32 |       |       ||   121
       Chain mail        |       |    89 |   296 |   438 ||   823
Dodge: Dodged            |    52 |    73 |    96 |   166 ||   387
Block: Shield            |   108 |   169 |   288 |   416 ||   981

Table legend:
 A = Spawn XP
 B = Non-spawn XP
 C = Spawn XP percentage of total XP
 D = Spawn monster count
 E = Non-spawn monster count
 F = Spawn count percentage of total count
 G = Total turns spent on level
                    A         B        C        D         E        F      G
               +---------+---------+-------+---------+---------+-------+---------
         Total |       0 |   17349 |   0.0 |       0 |     288 |   0.0 |  9196
               +---------+---------+-------+---------+---------+-------+---------
           D:1 |       0 |      39 |   0.0 |       0 |      22 |   0.0 |   391
           D:2 |       0 |     100 |   0.0 |       0 |      25 |   0.0 |   723
           D:3 |       0 |     443 |   0.0 |       0 |      43 |   0.0 |  1124
           D:4 |       0 |     393 |   0.0 |       0 |      22 |   0.0 |   619
           D:5 |       0 |     602 |   0.0 |       0 |      16 |   0.0 |   817
           D:6 |       0 |    2062 |   0.0 |       0 |      30 |   0.0 |  1151
           D:7 |       0 |    1399 |   0.0 |       0 |      30 |   0.0 |  1014
           D:8 |       0 |    2372 |   0.0 |       0 |      26 |   0.0 |   941
           D:9 |       0 |    2492 |   0.0 |       0 |      22 |   0.0 |   861
          D:10 |       0 |    5286 |   0.0 |       0 |      35 |   0.0 |  1089
          D:11 |       0 |    2161 |   0.0 |       0 |      17 |   0.0 |   466
               +---------+---------+-------+---------+---------+-------+---------
